AoeStats
← ThePromise87

Arena

510456880Analyzed
3v3 RM · 1d ago on Oct 1, 2026· 36m 39s· 6 players
Game mode
Random Map
Map size
Normal (6 player)
Population
200
Speed
Normal
Resources
Standard
Victory
Conquest
Starting age
Dark Age
Ending age
Imperial Age
RankedLock teamsTeams togetherTeam positionsShared explorationLock speedFull tech treeHidden civsTurbo modeCheats
Victory
Defeat
🇺🇸 Saxons · United States
1221
+16
🇺🇸 Malay · United States
1209
+17
🇦🇺 Poles · Australia
1200
+17
🇳🇮 Turks · Nicaragua
1299
-19
🇳🇮 Tupi · Nicaragua
1202
-16
🇳🇮 Persians · Nicaragua
1187
-15
ThePromise87
8:56 Loom
10:44 Feudal Age
14:22 Castle Age
12:30 Double-Bit Axe
12:47 Horse Collar
14:22 Gold Mining
21:41 Scale Mail Armor
23:35 Wheelbarrow
24:45 Bow Saw
27:04 Arson
28:46 Heavy Plow
31:47 Fortified Wall
31:48 Masonry
31:19 Treadmill Crane
32:19 Hand Cart
32:53 Chain Mail Armor
34:59 Gold Shaft Mining
34:14 Stone Mining
35:35 Forging
35:18 Loom
35:19 Town Watch
39:21 Imperial Age
ADOBO x PRODIGY
10:46 Feudal Age
10:29 Double-Bit Axe
10:38 Horse Collar
17:12 Castle Age
17:45 Bow Saw
17:28 Loom
20:35 Wheelbarrow
21:07 Town Watch
23:02 Light Cavalry
24:22 Forging
25:17 Hand Cart
27:27 Gold Mining
30:27 Imperial Age
27:30 Elite Skirmisher
28:10 Fletching
29:17 Bodkin Arrow
29:45 Ballistics
29:43 Stone Mining
34:40 Conscription
37:06 Chemistry
35:53 Crossbowman
Darksun
8:11 Loom
8:59 Loom
10:45 Feudal Age
15:51 Castle Age
14:22 Double-Bit Axe
15:29 Horse Collar
18:38 Bow Saw
21:09 Heavy Plow
24:19 Stone Mining
24:20 Gold Mining
25:17 Wheelbarrow
27:33 Hand Cart
30:28 Imperial Age
29:11 Szlachta Privileges
29:18 Scale Barding Armor
29:24 Forging
29:32 Bloodlines
29:48 Husbandry
31:29 Stone Shaft Mining
30:32 Cavalier
32:26 Chain Barding Armor
32:43 Iron Casting
32:46 Conscription
35:36 Blast Furnace
Nabuco
10:29 Feudal Age
14:44 Castle Age
13:25 Double-Bit Axe
14:33 Horse Collar
18:16 Loom
19:24 Wheelbarrow
23:53 Squires
24:55 Scale Mail Armor
26:18 Chain Mail Armor
27:01 Forging
27:25 Arson
27:52 Heavy Plow
28:05 Bow Saw
29:38 Iron Casting
34:35 Imperial Age
31:35 Pikeman
Homer
12:43 Feudal Age
13:58 Feudal Age
17:29 Castle Age
15:22 Double-Bit Axe
19:35 Loom
23:06 Imperial Age
22:27 Loom
33:34 Horse Collar
YaNkEe0885
9:45 Feudal Age
11:13 Loom
14:17 Castle Age
13:03 Double-Bit Axe
24:37 Wheelbarrow
23:44 Horse Collar
25:50 Scale Barding Armor
26:02 Bloodlines
27:22 Forging
31:53 Chain Barding Armor
34:45 Imperial Age
33:15 Iron Casting
34:26 Heavy Camel Rider
Connection lost

Rejoining the realm…

Still unreachable

The connection could not be restored.

Session expired

The server has moved on; the page needs a fresh start.